 Dungeon Crawl Stone Soup version 0.19-a0-291-ga637243 (webtiles) character file.

51709 nubinia the Severer (level 14, -2/199 HPs)
             Began as a Hill Orc Fighter on May 26, 2016.
             Was a High Priest of Hepliaklqana.
             Slain by a sun demon (4 damage)
             ... on level 1 of the Orcish Mines on May 27, 2016.
             The game lasted 02:18:41 (20198 turns).

nubinia the Severer (Hill Orc Fighter)             Turns: 20198, Time: 02:18:42

Health: -2/199     AC: 17    Str: 37      XL:     14   Next: 60%
Magic:  21/21      EV: 11    Int:  6 (8)  God:    Hepliaklqana [*****.]
Gold:   1285       SH: 14    Dex: 15      Spells: 0 memorised, 13 levels left

rFire  + . .     SeeInvis .     f - +1 hand axe (chop)
rCold  + + +     Gourm    .     d - +1 troll leather armour {rC+}
rNeg   . . .     Faith    .     c - +0 shield
rPois  +         Spirit   .     t - +0 helmet "Liteatt" {*Drain Str+2 Dex+4 Slay+5}
rElec  +         Dismiss  .     x - +0 cloak
rCorr  +         Reflect  .     K - +2 pair of gloves
SustAt .         Harm     .     F - +2 pair of boots {Stlth+}
MR     +++..                    u - amulet of Xom's Capriciousness {RegenMP *Confuse rC+ MR+}
Stlth  ..........               T - ring of Azej {+Blink rC+ AC+1 Str+5}
                                b - ring of protection from magic

@: berserking, resistant, very quick, extremely resistant to hostile
enchantments, extremely unstealthy
A: high mp 1, strong 1, evolution 1
a: Recall Ancestor, Ancestor Identity, Transference, Idealise, Renounce
Religion, Evoke Blink


You were on level 1 of the Orcish Mines.
You worshipped Hepliaklqana.
Hepliaklqana was extremely pleased with you.
You were not hungry.

You visited 4 branches of the dungeon, and saw 19 of its levels.
You also visited: Labyrinth, Sewer, Ossuary, Ice Cave and Volcano.

You collected 1543 gold pieces.
You spent 258 gold pieces at shops.

Inventory:

Hand Weapons
 a - a +1 war axe
 f - a +1 hand axe of chopping (weapon)
 g - a +4 battleaxe
Missiles
 Y - 7 tomahawks of dispersal (quivered)
Armour
 c - a +0 shield (worn)
 d - a +1 troll leather armour of cold resistance (worn)
 t - the +0 helmet "Liteatt" (worn) {*Drain Str+2 Dex+4 Slay+5}
   (You found it in a labyrinth)

   It affects your strength (+2).
   It affects your dexterity (+4).
   It affects your accuracy and damage with ranged weapons and melee attacks
   (+5).
   It causes draining when unequipped.
 x - a +0 cloak (worn)
 F - a +2 pair of boots of stealth (worn)
 K - a +2 pair of gloves (worn)
 Q - a +0 fire dragon armour
Jewellery
 b - a ring of protection from magic (left hand)
 e - a +3 amulet of reflection
 n - an uncursed ring of positive energy
 o - an uncursed ring of flight
 u - the amulet of Xom's Capriciousness (around neck) {RegenMP *Confuse rC+ MR+}
   (You found it on level 4 of the Lair of Beasts)

   [amulet of magic regeneration]

   It increases your magic regeneration.
   It protects you from cold.
   It affects your resistance to hostile enchantments.
   It may confuse you when you take damage.
 T - the ring of Azej (right hand) {+Blink rC+ AC+1 Str+5}
   (You found it on level 2 of the Lair of Beasts)

   [ring of protection]

   It affects your AC (+1).
   It affects your strength (+5).
   It protects you from cold.
   It lets you blink.
 X - an uncursed ring of fire
Wands
 l - a wand of disintegration (9/24)
 v - a wand of slowing (10/48)
 C - a wand of iceblast (0/15)
 D - a wand of lightning (2/15)
 I - a wand of flame (0/48)
 N - a wand of lightning (1/15)
 R - a wand of digging (13/24)
 U - a wand of acid (6/15)
 Z - a wand of disintegration (9/24)
Scrolls
 h - a scroll of fear
 j - a scroll of recharging
 k - 7 scrolls of remove curse
 y - 2 scrolls of enchant weapon
 J - 2 scrolls of identify
 P - a scroll of fog
 V - 2 scrolls of teleportation
Potions
 m - 3 potions of flight
 q - 4 potions of lignification
 r - 7 potions of curing
 s - 3 potions of magic
 w - 4 potions of resistance
 A - 8 potions of brilliance
 G - a potion of invisibility
 L - a potion of haste
 M - a potion of cancellation
 O - a potion of ambrosia
Comestibles
 p - 14 slices of pizza


   Skills:
 + Level 14.4 Fighting
 + Level 17.8 Axes
 + Level 10.4 Armour
 - Level 1.0 Dodging
 + Level 6.8 Stealth
 + Level 11.0 Shields
 + Level 7.9 Invocations
 + Level 3.5 Evocations


You had 13 spell levels left.
You didn't know any spells.

Dungeon Overview and Level Annotations

Branches:
Dungeon (10/15)            Temple (1/1) D:5            Lair (6/8) D:8
  Swamp (0/4) Lair:5        Snake (0/4) Lair:4          Orc (2/2) D:10
    Elf (0/3) Orc:2
  Slime: Lair:6-8

Altars:
Ashenzari
Cheibriados
Dithmenos
Elyvilon
Fedhas
Gozag
Hepliaklqana
Kikubaaqudgha
Makhleb
Nemelex Xobeh
Okawaru
Pakellas
Qazlal
Ru
Sif Muna
Trog
Ukayaw
Vehumet
Xom
Yredelemnul
Zin
The Shining One
Beogh

Shops:
D:4 %   D:6 *   D:10 [   Orc:2 !%

Annotations:
Orc:2 1 exclusion


Innate Abilities, Weirdness & Mutations

You have an increased reservoir of magic. (+10% MP)
Your muscles are strong. (Str +2)
You evolve.


Message History

* * * LOW HITPOINT WARNING * * *
You slice the sun demon!!
The sun demon is severely wounded.
The sun demon hits you.
* * * LOW HITPOINT WARNING * * *
You are engulfed in flames!
* * * LOW HITPOINT WARNING * * *
Drink which item? (? for menu, Esc to quit)
You feel protected. You block the sun demon's attack.
Drink which item? (? for menu, Esc to quit)
A red film seems to cover your vision as you go berserk!
You feel yourself moving faster!
You feel mighty! The sun demon hits you!
* * * LOW HITPOINT WARNING * * *
You are engulfed in flames.
You resist.
* * * LOW HITPOINT WARNING * * *
You hit the sun demon.
The sun demon is severely wounded.
The sun demon hits you.
You die...

.....................##.## #
.#.......................#
##.......................#
##.................#.#..##
###.................##...#
##.#.#.#.............##...#
#.....#........[)[#.###...#
##...#.........).......#..##
#..............)@..........#
...............3.......##.##
#.####...###...#......#####
### ##### ############


You could see a sun demon.

Vanquished Creatures
  A stone giant (Orc:2)
  A fire dragon (Lair:1)
  The ghost of Kenran the Spear-Bearer, a journeyman MfFi of Okawaru (D:10)
  2 hydras
  A catoblepas (Lair:4)
  Erica (Lair:2)
  The ghost of Sl000nik the Fighter, a novice GrFi of Okawaru (D:8)
  The ghost of epen the Nimble, a novice FeMo of Dithmenos (Lair:4)
  An orc knight (Orc:2)
  23 elephants
  3 black mambas (Lair:4)
  2 ice statues (IceCv)
  7 spiny frogs
  A torpor snail (Lair:6)
  4 komodo dragons
  10 ice devils (IceCv)
  3 two-headed ogres (Volcano)
  19 blink frogs
  Prince Ribbit (Lair:3)
  Sigmund (D:6)
  A redback (Lab)
  44 yaks
  7 basilisks
  2 wyverns
  7 hippogriffs
  2 hungry ghosts
  4 nagas (Lair:4)
  A warg (Orc:1)
  4 swamp worms (Lair:5)
  13 water moccasins
  Duvessa (D:6)
  21 orc warriors
  7 porcupines
  2 ice beasts
  2 sky beasts
  8 ogres
  3 phantoms
  10 wolves
  3 centaurs (D:8)
  7 crocodiles
  A big kobold (Sewer)
  Blork the orc (D:7)
  18 giant frogs
  3 water moccasin zombies (Ossuary)
  Dowan (D:6)
  6 killer bees
  A howler monkey (D:5)
  An electric eel (Lair:5)
  6 crimson imps
  4 lava snakes (Lab)
  A centaur zombie (D:6)
  A quasit (D:9)
  A giant frog zombie (D:9)
  9 orc priests
  4 hounds
  17 orc wizards
  Crazy Yiuf (D:6)
  2 centaur skeletons
  3 iguanas
  7 worker ants
  12 sheep
  4 big kobold zombies (Ossuary)
  2 mummies (Ossuary)
  6 adders
  47 river rats
  4 shadow imps
  5 white imps (IceCv)
  8 ufetubi (IceCv)
  An ooze (D:1)
  9 adder zombies
  2 adder skeletons
  5 worms
  5 dart slugs
  5 giant geckos
  56 orcs
  6 bats
  4 giant cockroaches
  A gnoll zombie (Ossuary)
  12 goblins
  10 hobgoblins
  14 jackals
  4 quokkas
  4 giant newts
  3 hobgoblin zombies (Ossuary)
  10 kobolds
  6 kobold zombies (Ossuary)
  2 orc zombies (Ossuary)
  2 quokka skeletons
  11 rats
  A butterfly (Lair:4)
  4 fungi
  2 plants
588 creatures vanquished.

Vanquished Creatures (collateral kills)
  A minotaur (Lab)
  2 hydras
  A catoblepas (Lair:3)
  2 elephants
  An ice devil (IceCv)
  A two-headed ogre (Volcano)
  2 blink frogs (Lair:1)
  A redback (Lab)
  Eustachio (D:6)
  2 basilisks
  5 yaks
  A porcupine (Lair:1)
  A sky beast (D:9)
  2 orc warriors
  An ogre (D:8)
  A wolf (Lair:3)
  2 crocodiles
  2 killer bees
  A quasit (D:6)
  An iguana (Lair:2)
  3 orc wizards
  A worker ant (D:6)
  A sheep (Lair:4)
  3 river rats
  An adder zombie (D:8)
  7 orcs
  2 jackals
  A giant gecko zombie (D:7)
  2 rats (Sewer)
52 creatures vanquished.

Vanquished Creatures (others)
  Erolcha (Volcano)
  3 hexers
  A sheep (Lair:4)
  2 white imps (IceCv)
  2 ufetubi (IceCv)
  8 fungi
  A plant (Lair:3)
18 creatures vanquished.

Grand Total: 658 creatures vanquished

Notes
Turn   | Place    | Note
--------------------------------------------------------------
     0 | D:1      | nubinia the Hill Orc Fighter began the quest for the Orb.
     0 | D:1      | Reached XP level 1. HP: 19/19 MP: 1/1
    65 | D:1      | Reached XP level 2. HP: 17/27 MP: 2/2
   414 | D:1      | Reached XP level 3. HP: 33/33 MP: 3/3
   444 | D:1      | Reached skill level 3 in Axes
  1297 | D:2      | Reached XP level 4. HP: 38/40 MP: 4/4
  1354 | D:2      | Found a shimmering altar of Xom.
  1452 | D:2      | Reached skill level 1 in Dodging
  1655 | D:2      | Found a glowing golden altar of the Shining One.
  1731 | D:2      | Found a snail-covered altar of Cheibriados.
  2220 | D:3      | Reached XP level 5. HP: 47/47 MP: 5/5
  2614 | D:3      | Found a stormy altar of Qazlal.
  2941 | D:3      | Reached skill level 4 in Axes
  3013 | D:3      | Found a glowing silver altar of Zin.
  3019 | D:3      | Found an iron altar of Okawaru.
  3022 | D:3      | Found an oddly glowing altar of Pakellas.
  3025 | D:3      | Found a white marble altar of Elyvilon.
  3202 | D:4      | Noticed an ogre
  3213 | D:4      | Killed an ogre
  3213 | D:4      | Reached skill level 5 in Fighting
  3213 | D:4      | Reached XP level 6. HP: 31/56 MP: 6/6
  3479 | D:4      | Found a shadowy altar of Dithmenos.
  3636 | D:4      | Reached skill level 5 in Shields
  3778 | D:4      | Found Iqemumoe's Food Shoppe.
  4012 | D:5      | Entered Level 5 of the Dungeon
  4030 | D:5      | Reached skill level 5 in Armour
  4030 | D:5      | Reached XP level 7. HP: 46/61 MP: 7/7
  4091 | D:5      | Reached skill level 5 in Axes
  4129 | D:5      | Found a sand-covered staircase.
  4146 | Ossuary  | Entered an ossuary
  4439 | Ossuary  | Reached XP level 8. HP: 68/70 MP: 8/8
  4472 | Ossuary  | Reached skill level 6 in Axes
  4653 | D:5      | Found a burning altar of Makhleb.
  4766 | D:5      | Found a bloodstained altar of Trog.
  4960 | D:5      | Found a staircase to the Ecumenical Temple.
  4966 | Temple   | Entered the Ecumenical Temple
  5008 | Temple   | Became a worshipper of Hepliaklqana
  5054 | D:6      | Found Paeleuzy's General Store.
  5057 | D:6      | Reached skill level 1 in Stealth
  5120 | D:6      | Found a glowing drain.
  5124 | Sewer    | Entered a sewer
  5231 | Sewer    | Found a glowing silver altar of Zin.
  5392 | D:6      | Reached skill level 7 in Axes
  5401 | D:6      | Noticed Sigmund
  5409 | D:6      | Killed Sigmund
  5507 | D:6      | Noticed Duvessa
  5508 | D:6      | Noticed Eustachio
  5508 | D:6      | Noticed Blork the orc
  5509 | D:6      | Noticed Dowan
  5526 | D:6      | Killed Dowan
  5526 | D:6      | Reached skill level 8 in Axes
  5581 | D:6      | Killed Duvessa
  5824 | D:6      | Reached XP level 9. HP: 79/79 MP: 9/9
  5948 | D:6      | Noticed Crazy Yiuf
  5952 | D:6      | Killed Crazy Yiuf
  6058 | D:6      | Reached skill level 9 in Axes
  6093 | D:6      | Reached * piety under Hepliaklqana
  6124 | D:6      | Killed Eustachio
  6197 | D:7      | Found a radiant altar of Vehumet.
  6198 | D:7      | Found a burning altar of Makhleb.
  6317 | D:7      | Killed Blork the orc
  6337 | D:7      | Reached skill level 10 in Axes
  7079 | D:7      | Found a sacrificial altar of Ru.
  7508 | D:8      | Noticed Sl000nik's ghost (novice GrFi)
  7735 | D:8      | Found an ancient bone altar of Kikubaaqudgha.
  7750 | D:8      | Killed Sl000nik's ghost
  7750 | D:8      | Reached skill level 11 in Axes
  7750 | D:8      | Reached XP level 10. HP: 44/91 MP: 10/10
  8182 | D:8      | Found a staircase to the Lair.
  8419 | D:8      | Reached skill level 10 in Fighting
  8625 | D:8      | Reached ** piety under Hepliaklqana
  8626 | D:8      | Remembered your ancestor Tenoch as a hexer
  8730 | D:9      | Reached skill level 12 in Axes
  9606 | Lair:1   | Entered Level 1 of the Lair of Beasts
  9732 | Lair:1   | Reached XP level 11. HP: 55/101 MP: 11/11
  9754 | Lair:1   | Reached skill level 13 in Axes
  9766 | Lair:1   | HP: 1/101 [blink frog (16)]
 10094 | Lair:1   | Noticed a fire dragon
 10118 | Lair:1   | Killed a fire dragon
 10230 | Lair:1   | Reached skill level 1 in Evocations
 10836 | Lair:1   | Reached skill level 14 in Axes
 10873 | Lair:1   | Reached *** piety under Hepliaklqana
 11141 | Lair:2   | Reached skill level 1 in Invocations
 11180 | Lair:2   | Reached XP level 12. HP: 37/112 MP: 12/14
 11232 | Lair:2   | Found a labyrinth entrance.
 11259 | Lab      | Entered a labyrinth
 11933 | Lab      | Noticed a minotaur
 11940 | Lab      | Killed a minotaur
 11970 | Lab      | Identified Teesoih's Reference Book on Augmentations
 11974 | Lab      | Got a distressingly furry helmet
 11979 | Lab      | Identified the Reference Book on Earth
 12006 | Lab      | Identified the cursed +0 helmet "Liteatt" {*Drain Str+2 Dex+4 Slay+5} (You found it in a labyrinth)
 12008 | Lab      | Identified the Almanac of the Compass
 12064 | Lair:2   | Noticed a five-headed hydra
 12081 | Lair:2   | Killed an eight-headed hydra
 12609 | Lair:2   | Got a flickering brass ring
 12611 | Lair:2   | Identified the ring of Azej {+Blink rC+ AC+1 Str+5} (You found it on level 2 of the Lair of Beasts)
 12960 | Lair:2   | Noticed Erica
 13082 | Lair:2   | Reached skill level 15 in Axes
 13087 | Lair:2   | Killed Erica
 13087 | Lair:2   | Reached skill level 5 in Stealth
 13087 | Lair:2   | Reached skill level 5 in Invocations
 13479 | Lair:2   | Reached **** piety under Hepliaklqana
 13728 | Lair:3   | Noticed Prince Ribbit
 13742 | Lair:3   | Killed Prince Ribbit
 13849 | Lair:3   | Noticed a seven-headed hydra
 13855 | Lair:3   | Noticed a catoblepas
 13867 | Lair:3   | Killed a ten-headed hydra
 14243 | Lair:3   | Killed a catoblepas
 14733 | Lair:4   | Noticed a five-headed hydra
 14744 | Lair:4   | Killed a five-headed hydra
 14760 | Lair:4   | Reached XP level 13. HP: 95/119 MP: 17/17
 14789 | Lair:4   | Found a dark tunnel.
 14907 | Volcano  | Entered a volcano
 15035 | Volcano  | Noticed Erolcha
 15047 | Volcano  | Killed Erolcha
 15233 | Lair:4   | Got a sparkling copper amulet
 15234 | Lair:4   | Identified the amulet of Xom's Capriciousness {RegenMP *Confuse rC+ MR+} (You found it on level 4 of the Lair of Beasts)
 15455 | Lair:4   | Reached skill level 16 in Axes
 15573 | Lair:4   | Found a staircase to the Snake Pit.
 15835 | Lair:4   | Reached ***** piety under Hepliaklqana
 15945 | Lair:4   | Noticed epen's ghost (novice FeMo)
 15951 | Lair:4   | Killed epen's ghost
 16325 | Lair:5   | Reached skill level 10 in Armour
 16870 | Lair:5   | Reached skill level 10 in Shields
 16872 | Lair:5   | Found a staircase to the Swamp.
 17036 | Lair:5   | Upgraded the game from 0.19-a0-277-g85cb9a5 to 0.19-a0-291-ga637243
 17216 | Lair:6   | Reached XP level 14. HP: 113/130 MP: 19/19
 17286 | Lair:6   | Gained mutation: You have an increased reservoir of magic. (+10% MP) [potion of mutation]
 17286 | Lair:6   | Gained mutation: You are occasionally teleported next to monsters. [potion of mutation]
 17286 | Lair:6   | Gained mutation: You evolve. [potion of mutation]
 17472 | Lair:6   | Gained mutation: Your muscles are strong. (Str +2) [potion of beneficial mutation]
 17514 | Lair:6   | Reached skill level 17 in Axes
 17906 | D:10     | Entered Level 10 of the Dungeon
 17975 | D:10     | Found Qoluraapt's Armour Emporium.
 17981 | D:10     | Bought a +2 pair of boots of stealth for 258 gold pieces
 18016 | D:10     | Noticed Kenran's ghost (journeyman MfFi)
 18039 | D:10     | Killed Kenran's ghost
 18233 | D:10     | Lost mutation: You are occasionally teleported next to monsters. [evolution]
 18261 | D:10     | Found a staircase to the Orcish Mines.
 18481 | Orc:1    | Entered Level 1 of the Orcish Mines
 18495 | Orc:1    | Found a frozen archway.
 18510 | IceCv    | Entered an ice cave
 19051 | Orc:1    | Found a bloodstained altar of Trog.
 19175 | Orc:2    | Entered Level 2 of the Orcish Mines
 19496 | Orc:2    | Found a roughly hewn altar of Beogh.
 19630 | Orc:2    | Found a staircase to the Elven Halls.
 19686 | Orc:2    | Noticed a stone giant
 19700 | Orc:2    | Killed a stone giant
 20144 | Orc:2    | Found Ballai's Food Shoppe.
 20148 | Orc:2    | Found Cuaj's Distillery.
 20197 | Orc:1    | HP: 7/199 [sun demon (16)]
 20197 | Orc:1    | HP: 2/199 [sun demon (5)]
 20198 | Orc:1    | Slain by a sun demon

Vault maps used:
D:1:      tarquinn_simple_flora_water_a
D:2:      nicolae_tso_carved_into_rock, xom_teletrap_fun, kennysheep_slug_shrine
D:3:      kennysheep_big_flooded_room, overflow_temple_1_default,
          grunt_temple_overflow_cloverleaf
D:4:      marbit_many_paths, first_bread, serial_shops, nicolae_shop_statue_plus
D:5:      lightli_temple_of_fire, temple_green,
          nicolae_ossuary_entry_false_entrances, makhleb_heckhound_becter
D:6:      wad_crossroads, gup_sewer_entry_bowl, serial_shops,
          nicolae_shop_waterfront, kennysheep_cross_bottleneck, uniq_eustachio,
          uniq_duvessa, uniq_crazy_yiuf_cottage, uniq_sigmund,
          uniq_blork_the_orc
D:7:      grunt_temple_overflow_lords_of_destruction, kennysheep_mini_moat
D:8:      lemuel_ice_spiral_2, kiku_gazebo_garden_becter, lair_0_dummy,
          grunt_pizzeria
D:10:     orc_0_dummy, serial_shops, shop
Temple:   nicolae_temple_figure_zero
Lair:1:   dragon1_lemuel
Lair:2:   lab_entry_generic, uniq_erica
Lair:3:   uniq_prince_ribbit2
Lair:4:   minmay_snake_entry_guardpost_small, nicolae_volcano_entry_lava_flow,
          grunt_megastairs_1, lemuel_fruit_fields, lemuel_fruit_tree
Lair:5:   nicolae_swamp_entry_splash_gauntlet
Lair:6:   statuecave_lemuel, grunt_megastairs_4
Orc:1:    portal_ice_cave_entry_pillars_1, trog_butcher_becter
Orc:2:    pf_orc_diabolical, basic_altar
Lab:      nicolae_lab_dead_adventurers, labyrinth_lava_lair,
          nicolae_lab_dead_end, lab_block, lab_statue
Sewer:    sewer_kobolds
Ossuary:  ossuary_tomb_2
IceCv:    ice_cave_small_demon
Volcano:  volcano_pools

Skill      XL: |  1  2  3  4  5  6  7  8  9 10 11 12 13 14 |
---------------+-------------------------------------------+-----
Fighting       | 4 5 6 7 9 10 12 13 14 | 14.4
Axes           | 3 4 5 8 11 12 14 15 16 17 | 17.8
Dodging        | 1 |  1.0
Armour         | 4 5 6 7 8 9 10 | 10.4
Shields        | 4 5 6 7 8 10 11 | 11.0
Stealth        | 1 2 4 5 6 |  6.8
Evocations     | 1 3 |  3.5
Invocations    | 3 6 7 |  7.9

Action                   |  1- 3 |  4- 6 |  7- 9 | 10-12 | 13-15 || total
-------------------------+-------+-------+-------+-------+-------++-------
Melee: War axe           |    87 |   207 |   155 |   180 |   683 ||  1312
       Battleaxe         |       |       |   215 |   245 |       ||   460
       Hand axe          |       |       |       |       |    71 ||    71
Invok: Recall Ancestor   |       |       |     1 |     1 |       ||     2
       Ancestor Life: He |       |       |       |     1 |       ||     1
Evoke: Wand              |       |       |     1 |    29 |     7 ||    37
  Use: Scroll            |     1 |     6 |     8 |     7 |    10 ||    32
       Potion            |     1 |     3 |    11 |     9 |     7 ||    31
 Stab: Distracted        |       |       |     2 |    13 |    23 ||    38
       Confused          |       |       |       |     8 |     8 ||    16
       Sleeping          |       |       |       |     4 |    11 ||    15
       Petrified         |       |       |       |       |     3 ||     3
       Petrifying        |       |       |       |       |     2 ||     2
  Eat: Chunk             |     1 |     8 |    14 |    13 |    19 ||    55
       Royal jelly       |       |       |       |     1 |       ||     1
       Fruit             |       |       |       |     1 |       ||     1
       Meat ration       |       |       |       |     2 |       ||     2
Armor: Scale mail        |    30 |       |       |     2 |       ||    32
       Chain mail        |     2 |    75 |    75 |       |       ||   152
       Ring mail         |       |       |    77 |   168 |       ||   245
       Fire dragon armou |       |       |       |    43 |   184 ||   227
       Leather armour    |       |       |       |    16 |       ||    16
       Skin              |       |       |       |     1 |       ||     1
       Troll leather arm |       |       |       |       |    28 ||    28
Dodge: Dodged            |    15 |    36 |   146 |   232 |   120 ||   549
Block: Shield            |    41 |   138 |    93 |   120 |   370 ||   762
       Reflection        |     1 |     3 |       |     5 |       ||     9
       Other             |       |       |    22 |    30 |       ||    52
